BR
GRAND RAPIDS DUTCH OVENS @ QUINCY DOUGHBOYS
08/26/2026
 
TOP OF THE 1ST
Wapello Seafarers batting - Pitching for Quincy Doughboys : RHP Leonardo De La Garza
Pitching: RHP Leonardo De La Garza
Batting: RHB Carlos Rocha 0-0: Ball
1-0: Foul Ball, location: 2F
1-1: Called Strike
1-2: Strikes out looking
Batting: RHB Carlos Martínez 0-0: Ball
1-0: Called Strike
1-1: Foul Ball, location: 2F
1-2: Strikes out swinging
Batting: LHB Félix Costa 0-0: Called Strike
0-1: Swinging Strike
0-2: Strikes out swinging
Top of the 1st over - 0 run(s), 0 hit(s), 0 error(s), 0 left on base; Wapello 0 - Quincy 0
BOTTOM OF THE 1ST
Quincy Doughboys batting - Pitching for Wapello Seafarers : RHP Fernando Barrón
Pitching: RHP Fernando Barrón
Batting: RHB Júlio Contreras 0-0: Ball
1-0: Called Strike
1-1: Swinging Strike
1-2: SINGLE (Groundball, 56D)
Batting: RHB Jorge Chávez 0-0: Fly out, F7 (Flyball, 7M)
Batting: RHB Javier Martínez 0-0: Ball
1-0: Called Strike
1-1: Ball
2-1: Ball
3-1: SINGLE (Line Drive, 4D)
Júlio Contreras to second
Batting: LHB Mario Álvarez 0-0: Called Strike
0-1: Ball
1-1: Ball
2-1: Swinging Strike
2-2: Foul Ball, location: 2F
2-2: Fielders Choice at 2nd, 4-6 (Groundball, 34)
Júlio Contreras to third
Batting: RHB Pedro Sandoval 0-0: Ball
1-0: Called Strike
1-1: Foul Ball, location: 2F
1-2: Fly out, F8 (Flyball, 8RM)
Bottom of the 1st over - 0 run(s), 2 hit(s), 0 error(s), 2 left on base; Wapello 0 - Quincy 0
TOP OF THE 2ND
Wapello Seafarers batting - Pitching for Quincy Doughboys : RHP Leonardo De La Garza
Batting: LHB Luis Salazar 0-0: Fly out, F6 (Popup, 7LS)
Batting: SHB Víctor Torres 0-0: Called Strike
0-1: Called Strike
0-2: Ball
1-2: SINGLE (Groundball, 34)
Batting: RHB Takuro Okawa 0-0: Foul Ball, location: 2F
0-1: Fly out, F8 (Line Drive, 8LS)
Batting: LHB Abel Wheeler 0-0: Called Strike
0-1: Ball
1-1: Foul Ball, location: 2F
1-2: Ball
2-2: Strikes out swinging
Top of the 2nd over - 0 run(s), 1 hit(s), 0 error(s), 1 left on base; Wapello 0 - Quincy 0
BOTTOM OF THE 2ND
Quincy Doughboys batting - Pitching for Wapello Seafarers : RHP Fernando Barrón
Batting: RHB Ramón Gómez 0-0: Called Strike
0-1: Ball
1-1: Called Strike
1-2: Ball
2-2: Strikes out looking
Batting: RHB Wilson Ortíz 0-0: Foul Ball, location: 2F
0-1: Swinging Strike
0-2: Strikes out swinging
Batting: RHB Orlando Márquez 0-0: SINGLE (Line Drive, 6D)
Batting: RHB Joel García 0-0: Ball
1-0: Swinging Strike
1-1: Swinging Strike
1-2: Ground out 5-3 (Groundball, 5S)
Bottom of the 2nd over - 0 run(s), 1 hit(s), 0 error(s), 1 left on base; Wapello 0 - Quincy 0
TOP OF THE 3RD
Wapello Seafarers batting - Pitching for Quincy Doughboys : RHP Leonardo De La Garza
Batting: RHB Manuel Flores 0-0: Called Strike
0-1: Ball
1-1: Fly out, F9 (Flyball, 9D)
Batting: RHB António Aguilera 0-0: Swinging Strike
0-1: Ball
1-1: SINGLE (Groundball, 4M)
Batting: RHB Carlos Rocha 0-0: Swinging Strike
0-1: Ball
1-1: Ball
2-1: Called Strike
2-2: Ground out 5-3 (Groundball, 5)
António Aguilera to second
Batting: RHB Carlos Martínez 0-0: Ball
1-0: Called Strike
1-1: Foul Ball, location: 2F
1-2: Strikes out swinging
Top of the 3rd over - 0 run(s), 1 hit(s), 0 error(s), 1 left on base; Wapello 0 - Quincy 0
BOTTOM OF THE 3RD
Quincy Doughboys batting - Pitching for Wapello Seafarers : RHP Fernando Barrón
Batting: RHB Júlio Contreras 0-0: Ball
1-0: Ball
2-0: Swinging Strike
2-1: Ground out 4-3 (Groundball, 4M)
Batting: RHB Jorge Chávez 0-0: Foul Ball, location: 2F
0-1: Ball
1-1: Foul Ball, location: 2F
1-2: Ball
2-2: Strikes out swinging
Batting: RHB Javier Martínez 0-0: Swinging Strike
0-1: Ground out 4-3 (Groundball, 4)
Bottom of the 3rd over - 0 run(s), 0 hit(s), 0 error(s), 0 left on base; Wapello 0 - Quincy 0
TOP OF THE 4TH
Wapello Seafarers batting - Pitching for Quincy Doughboys : RHP Leonardo De La Garza
Batting: LHB Félix Costa 0-0: Called Strike
0-1: Ball
1-1: Ball
2-1: Called Strike
2-2: Ball
3-2: Base on Balls
Batting: LHB Luis Salazar 0-0: Ball
1-0: Foul Ball, location: 2F
1-1: Ball
2-1: Called Strike
2-2: Ball
3-2: Strikes out swinging
Batting: SHB Víctor Torres 0-0: Ball
1-0: Called Strike
1-1: Called Strike
1-2: Ball
2-2: Ball
3-2: Foul Ball, location: 2F
3-2: Strikes out looking
Batting: RHB Takuro Okawa 0-0: Ball
1-0: Fielders Choice at 2nd, 5-4 (Groundball, 56)
Top of the 4th over - 0 run(s), 0 hit(s), 0 error(s), 0 left on base; Wapello 0 - Quincy 0
BOTTOM OF THE 4TH
Quincy Doughboys batting - Pitching for Wapello Seafarers : RHP Fernando Barrón
Batting: LHB Mario Álvarez 0-0: Ball
1-0: Ground out 4-3 (Groundball, 4S)
Batting: RHB Pedro Sandoval 0-0: Ball
1-0: Foul Ball, location: 2F
1-1: Fly out, F9 (Popup, 4D)
Batting: RHB Ramón Gómez 0-0: Ball
1-0: SINGLE (Line Drive, 8RS)
Batting: RHB Wilson Ortíz 0-0: Called Strike
0-1: Ball
Ramón Gómez steals 2nd base
1-1: Ball
2-1: Foul Ball, location: 2F
2-2: Foul Ball, location: 2F
2-2: Foul Ball, location: 2F
2-2: Ball
3-2: Foul Ball, location: 2F
3-2: Strikes out swinging
Bottom of the 4th over - 0 run(s), 1 hit(s), 0 error(s), 1 left on base; Wapello 0 - Quincy 0
TOP OF THE 5TH
Wapello Seafarers batting - Pitching for Quincy Doughboys : RHP Leonardo De La Garza
Batting: LHB Abel Wheeler 0-0: Foul Ball, location: 2F
0-1: Fly out, F8 (Line Drive, 8RS)
Batting: RHB Manuel Flores 0-0: Fly out, F9 (Line Drive, 9M)
Batting: RHB António Aguilera 0-0: Swinging Strike
0-1: Foul Ball, location: 2F
0-2: Ball
1-2: Strikes out swinging
Top of the 5th over - 0 run(s), 0 hit(s), 0 error(s), 0 left on base; Wapello 0 - Quincy 0
BOTTOM OF THE 5TH
Quincy Doughboys batting - Pitching for Wapello Seafarers : RHP Fernando Barrón
Batting: RHB Orlando Márquez 0-0: Called Strike
0-1: Ball
1-1: Foul Ball, location: 2F
1-2: Ball
2-2: Ground out 5-3 (Groundball, 5)
Batting: RHB Joel García 0-0: Ground out 6-3 (Groundball, 6)
Batting: RHB Júlio Contreras 0-0: Ball
1-0: Foul Ball, location: 2F
1-1: Ball
2-1: Ball
3-1: Called Strike
3-2: Foul Ball, location: 2F
3-2: Foul Ball, location: 2F
3-2: Strikes out swinging
Bottom of the 5th over - 0 run(s), 0 hit(s), 0 error(s), 0 left on base; Wapello 0 - Quincy 0
TOP OF THE 6TH
Wapello Seafarers batting - Pitching for Quincy Doughboys : RHP Leonardo De La Garza
Batting: RHB Carlos Rocha 0-0: Called Strike
0-1: Ball
1-1: Foul Ball, location: 2F
1-2: Ball
2-2: Ball
3-2: Strikes out swinging
Batting: RHB Carlos Martínez 0-0: Ball
1-0: Ball
2-0: Called Strike
2-1: Fly out, F9 (Flyball, 89M)
Batting: LHB Félix Costa 0-0: Swinging Strike
0-1: Called Strike
0-2: Strikes out swinging
Top of the 6th over - 0 run(s), 0 hit(s), 0 error(s), 0 left on base; Wapello 0 - Quincy 0
BOTTOM OF THE 6TH
Quincy Doughboys batting - Pitching for Wapello Seafarers : RHP Fernando Barrón
Batting: RHB Jorge Chávez 0-0: Ground out 6-3 (Groundball, 6M)
Batting: RHB Javier Martínez 0-0: Foul Ball, location: 2F
0-1: SINGLE (Groundball, 34)
Pitching: LHP Alonso Pineda
Batting: LHB Mario Álvarez 0-0: Called Strike
Javier Martínez is caught stealing 2nd base
0-1: SINGLE (Groundball, 34D)
Batting: RHB Pedro Sandoval 0-0: Ground out 6-3 (Groundball, 6)
Bottom of the 6th over - 0 run(s), 2 hit(s), 0 error(s), 1 left on base; Wapello 0 - Quincy 0
TOP OF THE 7TH
Wapello Seafarers batting - Pitching for Quincy Doughboys : RHP Leonardo De La Garza
Batting: LHB Luis Salazar 0-0: Called Strike
0-1: Called Strike
0-2: Ball
1-2: SINGLE (Flyball, 8LS)
Pitching: RHP Miguel Chávez
Batting: SHB Víctor Torres 0-0: Ball
1-0: Called Strike
1-1: Called Strike
1-2: Strikes out swinging
Batting: RHB Takuro Okawa 0-0: Foul Ball, location: 2F
0-1: SINGLE (Groundball, 56D)
Luis Salazar to second
Batting: LHB Abel Wheeler 0-0: Ball
1-0: Called Strike
Takuro Okawa steals 2nd base
Luis Salazar to third
1-1: Foul Ball, location: 2F
1-2: DOUBLE (Line Drive, 7LM)
Luis Salazar scores
Takuro Okawa scores
Batting: RHB Manuel Flores 0-0: Ball
1-0: Called Strike
1-1: Ball
2-1: Ball
3-1: Base on Balls
Batting: RHB António Aguilera 0-0: Fly out, F8 (Flyball, 78M)
Batting: RHB Carlos Rocha 0-0: Called Strike
0-1: SINGLE (Groundball, 6MD)
Abel Wheeler to third
Manuel Flores to second
Runner from 3rd tries for Home, SAFE, no throw or cutoff
Batting: RHB Carlos Martínez 0-0: Called Strike
0-1: Called Strike
0-2: Foul Ball, location: 2F
0-2: Ball
1-2: Strikes out looking
Top of the 7th over - 3 run(s), 4 hit(s), 0 error(s), 2 left on base; Wapello 3 - Quincy 0
BOTTOM OF THE 7TH
Quincy Doughboys batting - Pitching for Wapello Seafarers : LHP Alonso Pineda
Batting: RHB Ramón Gómez 0-0: Ball
1-0: Ball
2-0: Foul Ball, location: 2F
2-1: Ball
3-1: Base on Balls
Batting: RHB Wilson Ortíz 0-0: Ball
1-0: Called Strike
1-1: Ball
2-1: Called Strike
2-2: Strikes out looking
Batting: RHB Orlando Márquez 0-0: Foul Ball, location: 2F
0-1: Called Strike
0-2: Ground out 1-3 (Groundball, 23)
Ramón Gómez to second
Batting: RHB Joel García 0-0: Called Strike
0-1: Called Strike
0-2: Strikes out swinging
Bottom of the 7th over - 0 run(s), 0 hit(s), 0 error(s), 1 left on base; Wapello 3 - Quincy 0
TOP OF THE 8TH
Wapello Seafarers batting - Pitching for Quincy Doughboys : RHP Miguel Chávez
Batting: LHB Félix Costa 0-0: Called Strike
0-1: Ground out 4-3 (Groundball, 34)
Batting: LHB Luis Salazar 0-0: Fly out, F8 (Flyball, 8LM)
Batting: SHB Víctor Torres 0-0: Ball
1-0: Called Strike
1-1: Swinging Strike
1-2: Foul Ball, location: 2F
1-2: Ball
2-2: Ball
3-2: SINGLE (Groundball, 34D)
Batting: RHB Takuro Okawa 0-0: Ball
1-0: Ball
2-0: Ball
3-0: Base on Balls
Víctor Torres to second
Batting: LHB Abel Wheeler 0-0: Called Strike
0-1: Ball
1-1: Ball
2-1: Swinging Strike
2-2: Foul Ball, location: 2F
2-2: Ball
3-2: Foul Ball, location: 2F
3-2: Foul Ball, location: 2F
3-2: Base on Balls
Víctor Torres to third
Takuro Okawa to second
Batting: RHB Manuel Flores 0-0: DOUBLE (Line Drive, 9M)
Víctor Torres scores
Takuro Okawa scores
Abel Wheeler to third
Runner from 3rd tries for Home, SAFE, no throw or cutoff
Pitching: RHP Javier Franco
Batting: RHB António Aguilera 0-0: Swinging Strike
0-1: Ball
1-1: Foul Ball, location: 2F
1-2: Ground out 6-3 (Groundball, 6)
Top of the 8th over - 3 run(s), 2 hit(s), 0 error(s), 1 left on base; Wapello 6 - Quincy 0
BOTTOM OF THE 8TH
Quincy Doughboys batting - Pitching for Wapello Seafarers : LHP Alonso Pineda
Batting: RHB Júlio Contreras 0-0: Ball
1-0: Ball
2-0: Swinging Strike
2-1: Ball
3-1: Base on Balls
Batting: RHB Jorge Chávez 0-0: Ball
1-0: Fly out, F9 (Flyball, 89M)
Pitching: RHP Jacob Edwards
Batting: RHB Javier Martínez 0-0: Called Strike
0-1: Ball
1-1: Swinging Strike
1-2: Ball
2-2: SINGLE (Line Drive, 7LM)
Júlio Contreras to second
Batting: LHB Mario Álvarez 0-0: Foul Ball, location: 2F
0-1: Ball
1-1: Foul Ball, location: 2F
1-2: Strikes out swinging
Batting: RHB Pedro Sandoval 0-0: Fly out, F7 (Flyball, 7LM)
Bottom of the 8th over - 0 run(s), 1 hit(s), 0 error(s), 2 left on base; Wapello 6 - Quincy 0
TOP OF THE 9TH
Wapello Seafarers batting - Pitching for Quincy Doughboys : RHP Javier Franco
Pitching: RHP Manuel Silva
Batting: RHB Carlos Rocha 0-0: Called Strike
0-1: Ball
1-1: Ball
2-1: Foul Ball, location: 2F
2-2: Foul Ball, location: 2F
2-2: Strikes out swinging
Batting: RHB Carlos Martínez 0-0: Ball
1-0: Ground out 4-3 (Groundball, 34)
Batting: LHB Félix Costa 0-0: Ball
1-0: Foul Ball, location: 2F
1-1: Foul Ball, location: 2F
1-2: TRIPLE (Flyball, 8RM)
Batting: LHB Luis Salazar 0-0: Foul Ball, location: 2F
0-1: Fly out, F7 (Flyball, 7D)
Top of the 9th over - 0 run(s), 1 hit(s), 0 error(s), 1 left on base; Wapello 6 - Quincy 0
BOTTOM OF THE 9TH
Quincy Doughboys batting - Pitching for Wapello Seafarers : RHP Jacob Edwards
Batting: RHB Ramón Gómez 0-0: Foul Ball, location: 2F
0-1: Ball
1-1: Ball
2-1: Ball
3-1: Called Strike
3-2: Strikes out swinging
Batting: RHB Wilson Ortíz 0-0: Ball
1-0: Foul Ball, location: 2F
1-1: Foul Ball, location: 2F
1-2: Ball
2-2: Ground out 1-3 (Groundball, 13)
Batting: RHB Orlando Márquez 0-0: Fly out, F5 (Popup, 5S)
Bottom of the 9th over - 0 run(s), 0 hit(s), 0 error(s), 0 left on base; Wapello 6 - Quincy 0
Monday, December 5th, 2016 - OOTP Baseball 17.12 Build 75